 Dungeon Crawl Stone Soup version 0.19-a0-1608-g4cf22de (webtiles) character file.

66 Alarkh the Grave Robber (level 3, -3/24 HPs)
             Began as a Mummy Necromancer on Sept 17, 2016.
             Slain by Sigmund
             ... wielding a +0 scythe
              (10 damage)
             ... on level 2 of the Dungeon.
             The game lasted 00:03:18 (2134 turns).

Alarkh the Grave Robber (Mummy Necromancer)         Turns: 2134, Time: 00:03:18

Health: -3/24      AC:  6    Str: 11    XL:     3   Next: 96%
Magic:  6/7        EV: 11    Int: 15    God:
Gold:   110        SH:  0    Dex: 12    Spells: 2 memorised, 4 levels left

rFire  x . .     SeeInvis .     c - +0 dagger
rCold  + . .     Gourm    .     h - +3 leather armour
rNeg   + + +     Faith    .     (no shield)
rPois  ∞         Spirit   .     (no helmet)
rElec  .         Dismiss  .     (no cloak)
rCorr  .         Reflect  .     (no gloves)
MR     .....     Harm     .     (no boots)
Stlth  +.........               (no amulet)
                                (no ring)
                                (no ring)

@: no status effects
A: no food or potions, fire vulnerability, cold resistance 1, negative energy
resistance 3, torment resistance, unbreathing
a: no special abilities


You were on level 2 of the Dungeon.
You were not hungry.

You visited 1 branch of the dungeon, and saw 2 of its levels.

You collected 110 gold pieces.

Inventory:

Hand Weapons
 c - a +0 dagger (weapon)
Armour
 a - a +0 robe
 h - a +3 leather armour (worn)
 i - a cursed +0 scale mail
Scrolls
 d - a scroll of teleportation
 e - a scroll of identify
 f - a scroll of fog {unknown}
 g - a scroll of remove curse {unknown}
Books
 b - a book of Necromancy

   Spells                             Type                      Level
   a - Pain                           Necromancy                   1
   b - Animate Skeleton               Necromancy                   1
   c - Vampiric Draining              Necromancy                   3
   d - Regeneration                   Charms/Necromancy            3
   e - Animate Dead                   Necromancy                   4
   f - Control Undead                 Necromancy                   4


   Skills:
 - Level 1.5 Dodging
 - Level 1.5 Stealth
 + Level 3.0 Spellcasting
 + Level 4.9 Necromancy


You had 4 spell levels left.
You knew the following spells:

 Your Spells              Type           Power        Failure   Level  Hunger
a - Pain                  Necr           ###.         3%          1    N/A
b - Vampiric Draining     Necr           ###.......   12%         3    N/A

Dungeon Overview and Level Annotations

Branches:
Dungeon (2/15)

Altars:

Annotations:
D:2 Sigmund


Innate Abilities, Weirdness & Mutations

You do not eat or drink.
Your flesh is vulnerable to fire.
You are immune to poison.
Your flesh is cold resistant. (rC+)
You are immune to negative energy. (rN+++)
You are immune to unholy pain and torment.
You can survive without breathing.


Message History

You enter the shallow water.
Moving in this stuff is going to be slow.
Sigmund the Dreaded comes into view.
He is wielding a scythe.
Sigmund shouts!
Sigmund is nearby!
Sigmund is nearby!
Sigmund drinks a potion.
Sigmund seems to speed up.
You enter the shallow water.
Moving in this stuff is going to be slow.
Sigmund looks at you with fury.
Sigmund gestures wildly while chanting.
Sigmund flickers and vanishes!
Deactivating autopickup; reactivate with Ctrl-A.
Something hits you!
A magic dart appears from out of thin air!
The magic dart hits you! Something hits you.
* * * LOW HITPOINT WARNING * * *
Something hits you!
You die...

##........###.##............
#..........##.####....#.##.#..
#..........##.# ###.........
#..........##.# #....>....
#..........##.# #..##
#..........##.# #@..
##........###.# #. ##......##
#.# ##. #.###### #@###.. #.#
#.##.. #.# #.##.# #.## #.##.#
#..# #####.##.#
##.####...#.##@#
#.##.PP....##.#
#.#≈P≈≈≈≈P..#.#
#.#≈≈≈P≈≈≈≈P#.#


There were no monsters in sight!

Vanquished Creatures
  An adder (D:1)
  An ooze (D:1)
  3 worms (D:2)
  A dart slug (D:1)
  A leopard gecko (D:2)
  10 bats
  A giant cockroach (D:1)
  4 goblins
  3 hobgoblins
  2 jackals (D:1)
  4 kobolds
  2 frilled lizards (D:1)
  8 rats
41 creatures vanquished.

Notes
Turn   | Place    | Note
-------+----------+-------------------------------------------
     0 | D:1      | Alarkh the Mummy Necromancer began the quest for the Orb.
     0 | D:1      | Reached XP level 1. HP: 13/13 MP: 3/3
    95 | D:1      | Reached XP level 2. HP: 4/19 MP: 0/5
  1187 | D:1      | Reached XP level 3. HP: 17/24 MP: 1/6
  1340 | D:1      | Learned a level 3 spell: Vampiric Draining
  2113 | D:2      | Noticed Sigmund
  2134 | D:2      | Slain by Sigmund

Vault maps used:
D:1:      enne_arrival_octagon_isle, minmay_misc_feat_diagonals
D:2:      first_bread, serial_bayou_pond_c, kennysheep_generic_room_12,
          uniq_sigmund

Skill      XL: |  1  2  3 |
---------------+----------+-----
Spellcasting   | 3 |  3.0
Dodging        | |  1.5
Stealth        | |  1.5
Necromancy     | |  4.9

Action                   || total
-------------------------++-------
Melee: Unarmed           ||    20
       Dagger            ||    56
 Cast: Pain              ||    77
       Vampiric Draining ||     4
  Use: Scroll            ||     1
Armor: Robe              ||    16
       Leather armour    ||    35
Dodge: Dodged            ||    84
